 Dungeon Crawl Stone Soup version 0.28-a0-1493-g08698888e4 (webtiles) character file.

Game seed: 11962952761990001395

86 iamoutofideas the Grasshopper (level 4, -13/38 HPs)
             Began as a Gnoll Warper on Jan 12, 2022.
             Mangled by an ogre (18 damage)
             ... on level 4 of the Dungeon.
             The game lasted 00:03:25 (2490 turns).

iamoutofideas the Grasshopper (Gnoll Warper)        Turns: 2490, Time: 00:03:26

Health: -13/38     AC:  3    Str: 18    XL:     4   Next: 50%
Magic:  6/11       EV: 13    Int: 12    God:
Gold:   81         SH:  0    Dex: 12    Spells: 11/13 levels left

rFire   . . .      SeeInvis .   j - +2 dagger (elec)
rCold   . . .      Faith    .   (no shield)
rNeg    . . .      Spirit   .   b - +0 leather armour
rPois   .          Reflect  .   (no helmet)
rElec   .          Harm     .   (no cloak)
rCorr   .          Rampage  .   (no gloves)
Will    .....                   (no boots)
Stlth   +.........              (no amulet)
HPRegen 0.12/turn               f - +6 ring of strength
MPRegen 0.12/turn               (no ring)

@: on blink cooldown
A: fangs 1, strong nose, distributed training
a: no special abilities


You were on level 4 of the Dungeon.
You visited 1 branch of the dungeon, and saw 3 of its levels.

You collected 81 gold pieces.

Inventory:

Hand Weapons
 a - a +0 hand axe
 j - a +2 dagger of electrocution (weapon)
Missiles
 d - 4 boomerangs of dispersal (quivered)
Armour
 b - a +0 leather armour (worn)
Jewellery
 f - a +6 ring of strength (left hand)
Scrolls
 c - a scroll of blinking
 n - a scroll of amnesia {unknown}
Potions
 h - a potion of mutation {unknown}
 k - a potion of curing {unknown}
 l - a potion of berserk rage {unknown}
 m - 3 potions of brilliance {unknown}


   Skills:
 + Level 4.6 Fighting
 + Level 1.1 Short Blades
 + Level 1.1 Long Blades
 + Level 4.6 Axes
 + Level 1.1 Maces & Flails
 + Level 1.1 Polearms
 + Level 1.1 Staves
 + Level 1.1 Slings
 + Level 1.1 Bows
 + Level 1.1 Crossbows
 + Level 2.7 Throwing
 + Level 2.7 Armour
 + Level 4.6 Dodging
 + Level 1.1 Stealth
 + Level 1.1 Shields
 + Level 1.1 Unarmed Combat
 + Level 5.1 Spellcasting
 + Level 0.9 Conjurations
 + Level 0.9 Hexes
 + Level 0.9 Summonings
 + Level 0.9 Necromancy
 + Level 5.4 Translocations
 + Level 0.9 Transmutations
 + Level 0.9 Fire Magic
 + Level 0.9 Ice Magic
 + Level 0.9 Air Magic
 + Level 0.9 Earth Magic
 + Level 0.9 Poison Magic
 + Level 1.2 Invocations
 + Level 1.1 Evocations


You had 11 spell levels left.
You knew the following spells:

 Your Spells              Type           Power      Damage    Failure   Level
a - Blink                 Tloc           32%        N/A       3%          2

Your spell library contained the following spells:

 Spells                   Type           Power      Damage    Failure   Level
 Gell's Gravitas          Tloc           16%        N/A       8%          3
 Lesser Beckoning         Tloc           16%        N/A       8%          3
 Teleport Other           Tloc           16%        N/A       8%          3
 Manifold Assault         Tloc           16%        N/A       56%         5


Dungeon Overview and Level Annotations

Branches:
Dungeon (2/15)

Altars:


Innate Abilities, Weirdness & Mutations

You have very sharp teeth.
Your uncanny sense of smell can sniff out nearby items.
Your experience applies equally to all skills.


Message History

Aim: an ogre, wielding a +0 giant club (75% to hit)
You throw a boomerang of dispersal.
The boomerang of dispersal hits the ogre.
The ogre blinks!
The ogre is lightly wounded.
Okay, then.
You aren't carrying any items that you can evoke.
Unknown command.
You feel stable enough to blink again.
You open the door.
A jackal comes into view.
Found a ring mail. 3 jackals come into view.
Found 15 gold pieces.
The jackal barks! x4
There is an open door here.
Found an escape hatch in the ceiling.
You close the door.
The jackal closely misses you.
An ogre opens the door.
The jackal closely misses you.
Casting: Blink (safe; 3% risk of failure)
Confirm with . or Enter, or press ? or * to list all spells.
You blink.
The jackal barely misses you. The jackal closely misses you.
The jackal barely misses you. The jackal bites you.
* * * LOW HITPOINT WARNING * * *
You feel stable enough to blink again.
The jackal bites you but does no damage.
Casting: Blink (safe; 3% risk of failure)
Confirm with . or Enter, or press ? or * to list all spells.
You blink.
The ogre completely misses you. The jackal closely misses you.
There is an escape hatch in the ceiling here.
You feel stable enough to blink again.
A jelly comes into view.
Casting: Blink (safe; 3% risk of failure)
Confirm with . or Enter, or press ? or * to list all spells.
You blink.
The jackal barely misses you.
The ogre hits you with a +0 giant club!!
You die...

......O...#.#####.# #.#.#
###'#####.#.J...#.# #.#.#
.... #.# #§#.# #†#.#
..... #.# #h#.###.#.#
.....# #.# #h#.......#
.....####'#####<#####.###
.... #.........h# #.#
#.....$..hO# #.#
#.........@# #.#
#..........# #.#
#..........# #.#
#..[.......# #.#
#..........# ∆
#..........# ############
∆


You could see an ogre and 4 jackals.

Vanquished Creatures
  4 adders
  2 worms (D:2)
  A dart slug (D:1)
  4 endoplasms
  2 giant cockroaches
  2 goblins (D:2)
  3 hobgoblins (D:1)
  7 kobolds
  2 quokkas
  3 ball pythons
  4 bats
  5 frilled lizards
  5 rats (D:2)
44 creatures vanquished.

Notes
Turn   | Place    | Note
-------+----------+-------------------------------------------
     0 | D:1      | iamoutofideas the Gnoll Warper began the quest for the Orb.
     0 | D:1      | Reached XP level 1. HP: 20/20 MP: 6/6
   229 | D:1      | Reached XP level 2. HP: 22/26 MP: 7/7
   569 | D:1      | Found a faded altar of an unknown god.
  1042 | D:1      | Learned a level 2 spell: Blink
  1220 | D:2      | Reached XP level 3. HP: 31/31 MP: 9/9
  1240 | D:2      | Reached skill level 5 in Spellcasting
  1546 | D:2      | Reached skill level 1 in Invocations
  1620 | D:2      | Reached skill level 1 in Short Blades
  1620 | D:2      | Reached skill level 1 in Long Blades
  1620 | D:2      | Reached skill level 1 in Maces & Flails
  1620 | D:2      | Reached skill level 1 in Polearms
  1620 | D:2      | Reached skill level 1 in Staves
  1620 | D:2      | Reached skill level 1 in Slings
  1620 | D:2      | Reached skill level 1 in Bows
  1620 | D:2      | Reached skill level 1 in Crossbows
  1620 | D:2      | Reached skill level 1 in Stealth
  1620 | D:2      | Reached skill level 1 in Shields
  1620 | D:2      | Reached skill level 1 in Unarmed Combat
  1620 | D:2      | Reached skill level 1 in Evocations
  1931 | D:2      | Reached XP level 4. HP: 38/38 MP: 11/11
  2340 | D:2      | You fall into a shaft and drop 2 floors!
  2445 | D:4      | Noticed an ogre
  2453 | D:4      | HP: 1/38 [ogre (24)]
  2490 | D:4      | Mangled by an ogre

Illustrated notes

Levels and vault maps discovered:
D:1:      lightli_arrival_farm, layout_basic,
          shapermc_ecumenical_altar_starsandcircs
D:2:      layout_basic, minmay_small_reverse_x
D:4:      layout_basic, minmay_temple_entry_ruins, chequers_mini_garden,
          uniq_sigmund

Skill      XL: |  1  2  3 |
---------------+----------+-----
Spellcasting   | 5 |  5.1
Invocations    | 1 |  1.2
Short Blades   | 1 |  1.1
Long Blades    | 1 |  1.1
Maces & Flails | 1 |  1.1
Polearms       | 1 |  1.1
Staves         | 1 |  1.1
Slings         | 1 |  1.1
Bows           | 1 |  1.1
Crossbows      | 1 |  1.1
Stealth        | 1 |  1.1
Shields        | 1 |  1.1
Unarmed Combat | 1 |  1.1
Evocations     | 1 |  1.1
Fighting       | |  4.6
Axes           | |  4.6
Throwing       | |  2.7
Armour         | |  2.7
Dodging        | |  4.6
Conjurations   | |  0.9
Hexes          | |  0.9
Summonings     | |  0.9
Necromancy     | |  0.9
Translocations | |  5.4
Transmutations | |  0.9
Fire Magic     | |  0.9
Ice Magic      | |  0.9
Air Magic      | |  0.9
Earth Magic    | |  0.9
Poison Magic   | |  0.9

Action                   |  1- 3 |  4- 6 || total
-------------------------+-------+-------++-------
Melee: Hand axe          |    51 |       ||    51
       Bite              |    14 |     1 ||    15
       Dagger            |    53 |    14 ||    67
       Punch             |     1 |       ||     1
Throw: Boomerang         |       |     1 ||     1
 Cast: Blink             |       |     4 ||     4
  Use: Scroll            |       |     3 ||     3
Armor: Leather armour    |    28 |     3 ||    31
Dodge: Dodged            |    86 |    19 ||   105

Table legend: (Time is in decaauts)
 A = Elapsed time spent in this place.
 B = Non-inter-level travel time spent in this place.
 C = Inter-level travel time spent in this place.
 D = Time resting spent in this place.
 E = Time spent auto-exploring this place.
 F = Levels seen in this place.
 G = Mean time per level.
                   A        B        C        D        E       F      G
               +--------+--------+--------+--------+--------+-----+--------+
         Total |   2513 |   2475 |     38 |     88 |   1982 |   3 |  837.7 |
       Dungeon |   2513 |   2475 |     38 |     88 |   1982 |   3 |  837.7 |
               +--------+--------+--------+--------+--------+-----+--------+

Top non-repeatable levels by time:
     D:2: 1257 daAuts
     D:1: 1106 daAuts
     D:4: 149 daAuts
